 Dungeon Crawl Stone Soup version 0.20.0-15-g7f486f2 (webtiles) character file.

20219 grindst0ne the Fighter (level 12, -8/82 HPs)
             Began as a Gargoyle Berserker on June 9, 2017.
             Was the Champion of Trog.
             Mangled by a salamander
             ... wielding a +0 halberd
              (9 damage)
             ... in a volcano.
             The game lasted 00:33:54 (15031 turns).

grindst0ne the Fighter (Gargoyle Berserker)        Turns: 15031, Time: 00:33:55

Health: -8/82      AC: 32    Str: 25    XL:     12   Next: 77%
Magic:  17/17      EV:  8    Int:  8    God:    Trog [******]
Gold:   748        SH:  0    Dex: 16    Spells: 11/11 levels left

rFire    . . .     SeeInvis .   F - +4 hand axe "Kaf Xoq" {speed, Dex+3}
rCold    + . .     Gourm    .   (no shield)
rNeg     + . .     Faith    .   G - +0 plate armour
rPois    ∞         Spirit   .   H - +0 helmet
rElec    +         Reflect  .   T - +2 cloak
rCorr    .         Harm     .   W - +1 pair of gloves
MR       .....                  I - +0 pair of boots
Stlth    ..........             (no amulet)
Regen    0.3/turn               m - +3 ring of strength
MPRegen  0.2/turn               r - ring of protection from cold

@: berserk cooldown, slowed, very slow
A: negative energy resistance 1, electricity resistance, unbreathing,
petrification resistance, rot immunity, AC +8
a: Berserk, Trog's Hand, Brothers in Arms, Burn Spellbooks, Renounce Religion


You were in a volcano.
You worshipped Trog.
Trog was exalted by your worship.
You were hungry.

You visited 2 branches of the dungeon, and saw 13 of its levels.
You also visited: Sewer and Volcano.

You collected 748 gold pieces.

Inventory:

Hand Weapons
 a - a +0 hand axe
 F - the +4 hand axe "Kaf Xoq" (weapon) {speed, Dex+3}
   (You found it on level 7 of the Dungeon)

   Attacks with this weapon are significantly faster.
   It affects your dexterity (+3).
 N - a +0 war axe
 Q - a +2 scimitar of flaming
Armour
 b - a +0 animal skin
 n - a +0 ring mail
 z - a +0 chain mail
 G - a +0 plate armour (worn)
 H - a +0 helmet (worn)
 I - a +0 pair of boots (worn)
 M - a +0 pair of gloves
 T - a +2 cloak (worn)
 W - a +1 pair of gloves (worn)
Jewellery
 j - an uncursed amulet of faith {unknown}
 m - a +3 ring of strength (left hand)
 r - a ring of protection from cold (right hand)
Wands
 v - a wand of iceblast (5/15)
 D - a wand of random effects (15/48)
 K - a wand of flame (32/48)
 R - a wand of polymorph (0/24)
 S - a wand of clouds (7/9)
 Y - a wand of polymorph (6/24)
Scrolls
 h - 8 scrolls of remove curse
 o - 10 scrolls of teleportation
 p - 5 scrolls of recharging
 u - a scroll of blinking {unknown}
 y - 2 scrolls of magic mapping
 A - a scroll of fog
 E - 2 scrolls of noise {unknown}
 U - a scroll of holy word {unknown}
 V - a scroll of immolation {unknown}
Potions
 d - 2 potions of invisibility
 e - 4 potions of agility
 g - 4 potions of curing
 k - 2 potions of cancellation
 l - a potion of ambrosia
 s - 2 potions of haste
 t - a potion of mutation
 w - 3 potions of might
 x - a potion of flight
 B - 3 potions of lignification
 C - a potion of degeneration {unknown}
 J - 3 potions of brilliance {unknown}
 O - a potion of heal wounds
 P - a potion of resistance {unknown}
 X - a potion of magic {unknown}
Miscellaneous
 L - a lamp of fire
Comestibles
 c - 5 bread rations
 f - 5 royal jellies
 i - 4 fruits
 q - 5 meat rations
 Z - 4 chunks of flesh


   Skills:
 + Level 12.8 Fighting
 + Level 11.1 Axes
 + Level 11.3 Armour
 - Level 1.5 Dodging
 - Level 7.0 Evocations


You had 11 spell levels left.
You didn't know any spells.

Dungeon Overview and Level Annotations

Branches:
Dungeon (12/15)            Temple (0/1) D:5            Lair (1/6) D:9
    Orc (0/2) D:10

Altars:
Nemelex Xobeh

Shops:
D:5 [


Innate Abilities, Weirdness & Mutations

You are resistant to torment.
Your stone body is resilient. (AC +8)
You are immune to poison.
You resist negative energy. (rN+)
You are resistant to electric shocks. (rElec)
You can survive without breathing.
You are immune to petrification.
You are immune to rotting.


Message History

The hell hound is almost dead.
You slash the hell hound!
You kill the hell hound!
Trog accepts your kill.
You are no longer berserk.
You are exhausted.
You feel yourself slow down.
The salamander hits you but does no damage.
Items here: ( ))) † a runed shortbow; 24 arrows; a giant club of flaming x2; a hell hound corpse You slash the salamander!
The salamander is lightly wounded.
The salamander hits you with a halberd!
You are engulfed in flames!
* * * LOW HITPOINT WARNING * * *
You hit the salamander.
The salamander is lightly wounded.
The salamander hits you with a halberd!
* * * LOW HITPOINT WARNING * * *
You are engulfed in flames!
You die...

≈≈≈. ....
### ...
##.##..#
#∩#.#..#
#∩#)#†.#
###†#..##
##@N..#
##.......
≈≈≈≈.≈.
≈≈≈.≈.≈
≈≈≈≈≈≈≈
≈≈≈≈≈≈≈
≈≈≈≈≈≈≈
≈≈≈≈≈≈≈


You could see a salamander (berserk).

Vanquished Creatures
  4 two-headed ogres
  Erica (D:8)
  The ghost of greprep the Carver, a novice MiFi of Ashenzari (D:9)
  The ghost of MTVSty1e the Basher, a journeyman GrFi (D:11)
  The ghost of dscm the Covert, a novice OpEE of Uskayaw (D:8)
  A hell hog (Volcano)
  The ghost of porun the Covert, a journeyman HaEn of Okawaru (D:11)
  Pikel (D:5)
  2 salamanders (Volcano)
  A cyclops (D:11)
  An ugly thing (D:7)
  A centaur zombie (D:12)
  Maurice (D:8)
  Psyche (D:8)
  A gargoyle (D:10)
  A centaur skeleton (D:10)
  The ghost of Fingolfin the Chopper, an amateur HOMo of Cheibriados (D:6)
  A troll (D:10)
  2 hippogriffs
  A slime creature (D:7)
  A shadow (D:12)
  A wyvern (D:9)
  10 yaks
  A vampire (D:10)
  A fire bat (Volcano)
  3 basilisks (D:9)
  Eustachio (D:5)
  Menkaure (D:5)
  A soldier ant (D:11)
  2 porcupines (D:9)
  2 hell hounds (Volcano)
  2 sky beasts
  A phantom (D:8)
  9 orc warriors
  3 slaves (D:5)
  An eye of draining (D:9)
  5 ice beasts
  2 centaurs (D:10)
  6 ogres
  2 necrophages
  A crocodile (D:9)
  3 big kobolds
  5 bullfrogs
  A gnoll sergeant (D:8)
  2 scorpions
  6 killer bees
  4 wights (D:9)
  An electric eel (D:10)
  2 howler monkeys (D:8)
  8 crimson imps
  2 quasits
  3 jellies
  4 bullfrog zombies
  7 hounds
  4 gnoll shamans
  9 orc priests
  7 iguanas
  11 orc wizards
  11 worker ants
  A killer bee zombie (D:7)
  2 hound zombies (D:8)
  3 hound skeletons
  2 howler monkey zombies
  15 adders
  36 gnolls
  3 river rats
  2 shadow imps
  2 oozes
  3 adder skeletons
  2 adder zombies (D:7)
  6 worms
  4 dart slugs
  8 leopard geckos
  48 orcs
  3 giant cockroaches
  11 goblins
  15 hobgoblins
  33 jackals
  16 kobolds
  6 quokkas
  4 ball pythons
  8 bats
  6 frilled lizards
  A leopard gecko skeleton (D:6)
  A quokka skeleton (D:7)
  17 rats
  2 plants (D:9)
431 creatures vanquished.

Vanquished Creatures (others)
  A two-headed ogre (Volcano)
  A centaur (Volcano)
  2 orcs
  A goblin (D:5)
  A hobgoblin (D:5)
  2 kobolds (D:5)
  A bush (D:9)
  A fungus (D:9)
  6 plants (D:9)
16 creatures vanquished.

Grand Total: 447 creatures vanquished

Notes
Turn   | Place    | Note
-------+----------+-------------------------------------------
     0 | D:1      | grindst0ne the Gargoyle Berserker began the quest for the Orb.
     0 | D:1      | Reached XP level 1. HP: 14/14 MP: 1/1
   149 | D:1      | Reached XP level 2. HP: 19/19 MP: 2/2
   510 | D:1      | Reached skill level 4 in Fighting
   510 | D:1      | Reached XP level 3. HP: 24/24 MP: 3/3
  1140 | D:2      | Reached XP level 4. HP: 25/30 MP: 4/4
  1185 | D:2      | Reached ** piety under Trog
  1996 | D:3      | Reached XP level 5. HP: 34/34 MP: 5/5
  2331 | D:3      | Reached skill level 5 in Fighting
  3000 | D:3      | Noticed an ogre
  3017 | D:3      | Killed an ogre
  3017 | D:3      | Reached XP level 6. HP: 41/41 MP: 6/6
  3023 | D:3      | Reached *** piety under Trog
  3094 | D:3      | Reached skill level 6 in Fighting
  3094 | D:3      | Reached skill level 5 in Axes
  3424 | D:3      | Reached XP level 7. HP: 40/47 MP: 7/7
  3881 | D:3      | Reached skill level 7 in Fighting
  5265 | D:5      | Entered Level 5 of the Dungeon
  5279 | D:5      | Noticed Menkaure
  5294 | D:5      | Reached skill level 1 in Evocations
  5296 | D:5      | Killed Menkaure
  5296 | D:5      | Reached XP level 8. HP: 53/53 MP: 7/9
  5347 | D:5      | Reached **** piety under Trog
  5421 | D:5      | Noticed Eustachio
  5436 | D:5      | Killed Eustachio
  5480 | D:5      | Noticed Pikel
  5505 | D:5      | Killed Pikel
  5505 | D:5      | Reached XP level 9. HP: 43/57 MP: 11/13
  5578 | D:5      | Found a glowing drain.
  5602 | Sewer    | Entered a sewer
  6346 | D:5      | Received a gift from Trog
  6357 | D:5      | Found a staircase to the Ecumenical Temple.
  6615 | D:5      | Found Masebboqe's Antique Armour Shoppe.
  6931 | D:6      | Noticed Fingolfin's ghost (amateur HOMo)
  7112 | D:6      | Killed Fingolfin's ghost
  7112 | D:6      | Reached skill level 8 in Fighting
  7976 | D:6      | Reached skill level 5 in Armour
  8028 | D:6      | Reached ***** piety under Trog
  8229 | D:7      | Reached XP level 10. HP: 57/65 MP: 15/15
  8369 | D:7      | Noticed a white ugly thing
  8381 | D:7      | Killed a white ugly thing
  8381 | D:7      | Reached skill level 9 in Fighting
  8679 | D:7      | Got a crystal hand axe
  8680 | D:7      | Identified the +4 hand axe "Kaf Xoq" {speed, Dex+3} (You found it on level 7 of the Dungeon)
  9218 | D:7      | Noticed a two-headed ogre
  9225 | D:7      | Killed a two-headed ogre
  9377 | D:8      | Noticed Maurice
  9394 | D:8      | Reached skill level 10 in Fighting
  9411 | D:8      | Killed Maurice
  9414 | D:8      | Noticed Erica
  9443 | D:8      | Killed Erica
  9443 | D:8      | Reached XP level 11. HP: 26/73 MP: 16/16
  9779 | D:8      | Noticed a two-headed ogre
  9786 | D:8      | Noticed dscm's ghost (novice OpEE)
  9789 | D:8      | Killed a two-headed ogre
 10099 | D:8      | Killed dscm's ghost
 10160 | D:8      | Noticed Psyche
 10164 | D:8      | Killed Psyche
 10165 | D:8      | Noticed a two-headed ogre
 10182 | D:8      | Killed a two-headed ogre
 10182 | D:8      | Reached skill level 11 in Fighting
 10749 | D:8      | Found a sparkling altar of Nemelex Xobeh.
 11252 | D:9      | Noticed greprep's ghost (novice MiFi)
 11318 | D:9      | Killed greprep's ghost
 11455 | D:9      | Found a staircase to the Lair.
 11766 | D:9      | Reached skill level 10 in Axes
 12080 | D:10     | Entered Level 10 of the Dungeon
 12362 | D:10     | Received a gift from Trog
 12368 | D:10     | Identified the +9 arbalest of Ecitroj {venom, rF+ MR- Int+5} (Trog gifted it to you on level 10 of the Dungeon)
 12455 | D:10     | Reached ****** piety under Trog
 12455 | D:10     | Reached XP level 12. HP: 81/81 MP: 17/17
 12626 | D:10     | Noticed a two-headed ogre
 12634 | D:10     | Killed a two-headed ogre
 12634 | D:10     | Reached skill level 12 in Fighting
 12634 | D:10     | Reached skill level 10 in Armour
 12964 | D:10     | Found a staircase to the Orcish Mines.
 13316 | D:11     | Noticed porun's ghost (journeyman HaEn)
 13421 | D:11     | Killed porun's ghost
 13619 | D:11     | Noticed MTVSty1e's ghost (journeyman GrFi)
 13642 | D:11     | Killed MTVSty1e's ghost
 14696 | D:12     | Received a gift from Trog
 14858 | Lair:1   | Entered Level 1 of the Lair of Beasts
 14953 | Lair:1   | Found a dark tunnel.
 14961 | Volcano  | Entered a volcano
 14995 | Volcano  | Noticed a two-headed ogre
 14995 | Volcano  | Killed a two-headed ogre
 14997 | Volcano  | Noticed a hell hog
 15011 | Volcano  | Killed a hell hog
 15031 | Volcano  | HP: 1/82 [salamander/halberd (12)]
 15031 | Volcano  | Mangled by a salamander

Skill      XL: |  1  2  3  4  5  6  7  8  9 10 11 12 |
---------------+-------------------------------------+-----
Axes           | 3 4 5 6 7 8 10 11 | 11.1
Fighting       | 4 5 6 7 8 10 11 12 | 12.8
Evocations     | 2 6 7 |  7.0
Armour         | 5 7 9 11 | 11.3
Dodging        | |  1.5

Action                   |  1- 3 |  4- 6 |  7- 9 | 10-12 || total
-------------------------+-------+-------+-------+-------++-------
Melee: Hand axe          |   108 |   217 |   580 |   929 ||  1834
       Unarmed           |       |       |       |    33 ||    33
Invok: Berserk           |     1 |     5 |    15 |    20 ||    41
       Burn Spellbooks   |       |       |     2 |     1 ||     3
Evoke: Wand              |       |       |       |     4 ||     4
  Use: Scroll            |       |     1 |     7 |     9 ||    17
       Potion            |       |     3 |       |       ||     3
 Stab: Sleeping          |     1 |       |       |       ||     1
  Eat: Chunk             |     2 |    11 |    25 |    30 ||    68
       Royal jelly       |       |       |     1 |       ||     1
       Bread ration      |       |       |     1 |     2 ||     3
Armor: Animal skin       |    24 |    16 |       |       ||    40
       Ring mail         |       |    85 |   185 |       ||   270
       Plate armour      |       |       |    68 |   458 ||   526
       Chain mail        |       |       |    67 |       ||    67
Dodge: Dodged            |    78 |   165 |   315 |   247 ||   805
